 Dungeon Crawl Stone Soup version 0.25-a0-577-ga4619f409e (webtiles) character file.

Game seed: 16860006821936172439, levelgen mode: deterministic

7543 Flugslaktarn the Cleaver (level 10, -9/94 HPs)
             Began as a Deep Dwarf Fighter on Mar 2, 2020.
             Was a Follower of Makhleb.
             Mangled by a two-headed ogre
             ... wielding a cursed +0 giant club
              (26 damage)
             ... on level 9 of the Dungeon.
             The game lasted 00:04:43 (4806 turns).

Flugslaktarn the Cleaver (Deep Dwarf Fighter)       Turns: 4806, Time: 00:04:44

Health: -9/94      AC:  8    Str: 24    XL:     10   Next: 96%
Magic:  0/0        EV:  8    Int:  8    God:    Makhleb [*.....]
Gold:   158        SH: 12    Dex: 12    Spells: 9/9 levels left

rFire    . . .     SeeInvis .   a - +1 war axe
rCold    . . .     Gourm    .   c - +0 kite shield
rNeg     + . .     Faith    .   b - +0 scale mail
rPois    .         Spirit   .   (no helmet)
rElec    .         Reflect  .   (no cloak)
rCorr    .         Harm     .   (no gloves)
MR       +....                  (no boots)
Stlth    ..........             (no amulet)
HPRegen  0.00/turn              (no ring)
MPRegen  0.07/turn              k - ring of positive energy

@: non-regenerating
A: damage resistance, heal wounds, sense surroundings 2, no regeneration
a: Heal Wounds, Renounce Religion


You were on level 9 of the Dungeon.
You worshipped Makhleb.
Makhleb was aware of your devotion.
You were not hungry.

You visited 2 branches of the dungeon, and saw 10 of its levels.

You collected 410 gold pieces.
You spent 252 gold pieces at shops.

Inventory:

Hand Weapons
 a - a +1 war axe (weapon)
Missiles
 n - 2 throwing nets (quivered)
Armour
 b - a +0 scale mail (worn)
 c - a +0 kite shield (worn)
Jewellery
 i - an uncursed amulet of regeneration {unknown}
   (You found it on level 9 of the Dungeon)
 k - a ring of positive energy (right hand)
   (You found it on level 2 of the Dungeon)
Wands
 o - a wand of enslavement (13)
   (You found it on level 5 of the Dungeon)
 y - a wand of paralysis (4)
   (You found it on level 7 of the Dungeon)
Scrolls
 f - 2 scrolls of fog
 m - a scroll of enchant weapon
 t - 2 scrolls of teleportation
 u - a scroll of immolation {unknown}
 x - 8 scrolls of remove curse
 z - a scroll of blinking
Potions
 d - a potion of might
 g - 2 potions of lignification
 h - a potion of haste
 j - a potion of invisibility
 p - a potion of cancellation
 q - a potion of curing
 r - a potion of magic {unknown}
 s - a potion of resistance {unknown}
 v - a potion of stabbing
 w - 4 potions of heal wounds
 A - a potion of mutation
Comestibles
 e - 18 rations
 l - 5 chunks of flesh


   Skills:
 + Level 7.3 Fighting
 * Level 11.5 Axes
 + Level 8.8 Armour
 + Level 8.8 Shields
 + Level 4.6 Invocations


You had 9 spell levels left.
You didn't know any spells.
Your spell library was empty.

Dungeon Overview and Level Annotations

Branches:
Dungeon (9/15)             Temple (1/1) D:7
   Lair: D:8-11         Orc: D:9-12

Altars:
Ashenzari
Cheibriados
Elyvilon
Fedhas
Gozag
Hepliaklqana
Makhleb
Nemelex Xobeh
Okawaru
Qazlal
Ru
Sif Muna
Trog
Uskayaw
Wu Jian
Xom
Yredelemnul
Zin
The Shining One

Shops:
D:7 !*?

Annotations:
D:4 2 runed translucent doors, ahope9320's ghost, amateur DrCj


Innate Abilities, Weirdness & Mutations

You are resistant to damage.
You can heal yourself by infusing magical energy.
You passively map the area around you.
You do not regenerate.


Message History

The two-headed ogre is heavily wounded.
The two-headed ogre barely misses you.
The two-headed ogre hits you with a +0 giant club.
You hit the two-headed ogre.
The two-headed ogre is heavily wounded.
You block the two-headed ogre's attack. The two-headed ogre misses you.
You hit the two-headed ogre.
The two-headed ogre is heavily wounded.
You hit the two-headed ogre.
The two-headed ogre is heavily wounded.
The two-headed ogre hits you with a cursed +0 giant club!
* * * LOW HITPOINT WARNING * * *
The two-headed ogre barely misses you.
You slash the two-headed ogre!
The two-headed ogre is severely wounded.
The two-headed ogre barely misses you. x2
You slash the two-headed ogre!
The two-headed ogre is almost dead.
The two-headed ogre hits you with a cursed +0 giant club!!
You die...

,,, , , , #.....#...##.## , *
#.....#...###.# , , ** ,
,#....#########. + ,
,,##########....#....#..## ,, ,, ,
,#)......##....'..###.#.# *
#.......#######....####. , , ,
#.......#...........##_# .
+.......#.###........### ., ,
#....>O@'.# #.........#. .
##......#.# #...###...#. ., * *
#......#.# #...# #...#. . , ,
#......#.###...###...#. . , ,,
#......#.............#. . ,
#.....[#.............'.
##################.........#...#.
...........................#...#.
.....#.รท.....).............#...##


You could see a two-headed ogre.

Vanquished Creatures
  A tengu warrior (D:9)
  A two-headed ogre (D:9)
  Pikel (D:7)
  A gargoyle (D:8)
  A tengu conjurer (D:9)
  2 hippogriffs (D:9)
  A yak (D:7)
  A human (D:7)
  3 hogs (D:7)
  Menkaure (D:7)
  A water moccasin (D:8)
  4 slaves (D:7)
  A sky beast (D:7)
  3 ice beasts
  2 orc warriors (D:6)
  2 phantoms
  A black bear (D:6)
  An eye of draining (D:9)
  4 centaurs
  2 ogres (D:7)
  6 bullfrogs
  A wyvern zombie (D:8)
  A gnoll sergeant (D:7)
  A wyvern skeleton (D:8)
  2 scorpions
  12 killer bees (D:8)
  3 howler monkeys
  5 crimson imps
  A bullfrog zombie (D:8)
  A centaur zombie (D:7)
  7 orc priests
  2 gnoll shamans
  4 hounds
  2 jellies
  2 centaur skeletons
  6 orc wizards
  2 iguanas
  A worker ant (D:6)
  A hound zombie (D:5)
  A howler monkey zombie (D:9)
  5 adders
  23 gnolls
  3 shadow imps
  3 adder zombies
  3 adder skeletons
  7 worms
  2 dart slugs
  5 leopard geckos
  18 orcs
  2 bats (D:2)
  A giant cockroach (D:5)
  2 goblins (D:2)
  5 hobgoblins
  22 jackals
  4 quokkas
  5 frilled lizards
  3 kobolds
  A quokka skeleton (D:7)
  7 rats
216 creatures vanquished.

Notes
Turn   | Place    | Note
-------+----------+-------------------------------------------
     0 | D:1      | Flugslaktarn the Deep Dwarf Fighter began the quest for the
                  | Orb.
     0 | D:1      | Reached XP level 1. HP: 20/20 MP: 1/1
    71 | D:1      | Reached XP level 2. HP: 24/27 MP: 2/2
   222 | D:2      | Reached skill level 3 in Axes
   222 | D:2      | Reached XP level 3. HP: 32/33 MP: 3/3
   605 | D:4      | Reached XP level 4. HP: 23/42 MP: 4/4
   656 | D:4      | Found a runed translucent door.
   658 | D:4      | Noticed ahope9320's ghost (amateur DrCj)
   856 | D:4      | Found a runed translucent door.
   946 | D:4      | Found a hide-covered altar of Uskayaw.
   966 | D:4      | Reached skill level 4 in Axes
   966 | D:4      | Reached XP level 5. HP: 28/49 MP: 4/4
  1096 | D:5      | Entered Level 5 of the Dungeon
  1167 | D:5      | Reached XP level 6. HP: 48/56 MP: 5/5
  1272 | D:5      | Reached skill level 5 in Axes
  1546 | D:5      | You fall into a shaft and drop 3 floors!
  1550 | D:8      | Noticed a water moccasin
  1565 | D:8      | Killed a water moccasin
  1565 | D:8      | Reached XP level 7. HP: 49/64 MP: 6/6
  1584 | D:8      | Reached skill level 5 in Shields
  1630 | D:8      | Reached skill level 5 in Armour
  1632 | D:8      | Reached skill level 6 in Axes
  1780 | D:8      | Reached XP level 8. HP: 41/73 MP: 5/5
  1794 | D:8      | Found a glowing golden altar of the Shining One.
  1794 | D:8      | Found a stormy altar of Qazlal.
  1800 | D:8      | Found a faded altar of an unknown god.
  1804 | D:8      | Reached skill level 7 in Axes
  1807 | D:8      | Found a bloodstained altar of Trog.
  1808 | D:8      | Found a sparkling altar of Nemelex Xobeh.
  1966 | D:8      | Reached skill level 5 in Fighting
  2079 | D:7      | Reached skill level 8 in Axes
  2122 | D:7      | Found Niaros's Distillery.
  2126 | D:7      | Noticed Pikel
  2146 | D:7      | Killed Pikel
  2146 | D:7      | Gained mutation: You passively map the area around you.
                  | [Deep Dwarf growth]
  2146 | D:7      | Reached XP level 9. HP: 36/82 MP: 4/4
  2182 | D:7      | Bought a potion of haste for 140 gold pieces
  2182 | D:7      | Bought a potion of mutation for 112 gold pieces
  2273 | D:6      | Reached skill level 9 in Axes
  2773 | D:5      | Found a shimmering blue altar of Sif Muna.
  3081 | D:6      | Found a white marble altar of Elyvilon.
  3132 | D:6      | Found a basalt altar of Yredelemnul.
  3227 | D:7      | Reached skill level 10 in Axes
  3294 | D:7      | Found Bihood's Magic Scroll Boutique.
  3301 | D:7      | Found a staircase to the Ecumenical Temple.
  3314 | Temple   | Entered the Ecumenical Temple
  3461 | Temple   | Became a worshipper of Makhleb the Destroyer
  3536 | D:7      | Noticed Menkaure
  3552 | D:7      | Killed Menkaure
  3552 | D:7      | Reached XP level 10. HP: 37/92 MP: 3/3
  3586 | D:7      | Reached skill level 1 in Invocations
  3808 | D:7      | Found Tehim's Assorted Antiques.
  4130 | D:8      | Noticed a gargoyle
  4134 | D:8      | Killed a gargoyle
  4291 | D:9      | Found an ornate altar of the Wu Jian Council.
  4295 | D:9      | Noticed a two-headed ogre
  4314 | D:9      | Killed a two-headed ogre
  4351 | D:9      | Reached skill level 11 in Axes
  4359 | D:9      | Noticed a tengu warrior
  4365 | D:9      | Reached * piety under Makhleb
  4399 | D:9      | Killed a tengu warrior
  4751 | D:9      | Found a shimmering altar of Xom.
  4793 | D:9      | Noticed a two-headed ogre
  4806 | D:9      | Mangled by a two-headed ogre

Levels and vault maps discovered:
D:1:      minmay_arrival_split_and_join, layout_rooms
D:2:      layout_basic, serial_glass, glass_columns_a, glass_columns_b,
          minmay_crystal_water, uniq_crazy_yiuf_cottage, uniq_robin
D:3:      layout_loops_ring, okawaru_trees_1
D:4:      layout_loops_ring, lemuel_doored_altar, ebering_ghost_sewer_f,
          item_on_display_b
D:5:      layout_basic, first_ration, led_sif_pool
D:6:      layout_basic, kennysheep_ying_yang
D:7:      layout_rooms, minmay_temple_entry_sparse_star, serial_shops, shop,
          shop, kennysheep_mini_moat, grunt_livestock, kennysheep_small_square,
          uniq_menkaure, uniq_pikel
D:8:      layout_loops_ring, chequers_temple_overflow_minitemple
D:9:      layout_stronghold, marbit_many_paths, basic_altar,
          serial_bayou_crossing
Temple:   nicolae_temple_figure_eight

Skill      XL: |  1  2  3  4  5  6  7  8  9 10 |
---------------+-------------------------------+-----
Axes           | 3 4 5 6 8 10 11 | 11.5
Fighting       | 3 4 5 6 7 |  7.3
Shields        | 4 5 6 7 8 |  8.8
Armour         | 4 5 6 7 8 |  8.8
Invocations    | 4 |  4.6

Action                   |  1- 3 |  4- 6 |  7- 9 | 10-12 || total
-------------------------+-------+-------+-------+-------++-------
Melee: War axe           |   126 |   146 |   407 |   213 ||   892
 Abil: Heal Wounds       |     2 |     6 |    27 |    14 ||    49
  Use: Potion            |       |       |     5 |       ||     5
       Scroll            |       |       |    11 |     8 ||    19
  Eat: Chunk             |       |     3 |     7 |     5 ||    15
Armor: Scale mail        |    85 |    49 |   157 |    83 ||   374
       Skin              |       |       |   154 |       ||   154
Dodge: Dodged            |    68 |    47 |   157 |    71 ||   343
Block: Kite shield       |    82 |    78 |   352 |   141 ||   653

Table legend:
 A = Non-vault XP
 B = Vault XP
 C = Vault XP percentage of total XP
 D = Non-vault monster count
 E = Vault monster count
 F = Vault count percentage of total count
                 A         B        C        D         E       F
            +---------+---------+-------+---------+---------+-------
      Total |    8964 |    1812 |  16.8 |     204 |       8 |   3.8
            +---------+---------+-------+---------+---------+-------
        D:1 |      17 |       0 |   0.0 |      11 |       0 |   0.0
        D:2 |      38 |       0 |   0.0 |      20 |       0 |   0.0
        D:3 |      21 |       0 |   0.0 |       3 |       0 |   0.0
        D:4 |     193 |       0 |   0.0 |      18 |       0 |   0.0
        D:5 |     337 |       0 |   0.0 |      22 |       0 |   0.0
        D:6 |    1421 |       0 |   0.0 |      42 |       0 |   0.0
        D:7 |    1247 |    1812 |  59.2 |      31 |       8 |  20.5
        D:8 |    2338 |       0 |   0.0 |      39 |       0 |   0.0
        D:9 |    3352 |       0 |   0.0 |      18 |       0 |   0.0
            +---------+---------+-------+---------+---------+-------
